 Dungeon Crawl Stone Soup version 0.31.0-11-ge490571c62 (webtiles) character file.

Game seed: 14196648330631858246

140 Zeia the Trooper (level 5, -4/48 HPs)
             Began as a Minotaur Fighter on Jan 26, 2024.
             Slain by Grinder (5 damage)
             ... on level 3 of the Dungeon.
             The game lasted 00:02:10 (1899 turns).

Zeia the Trooper (Minotaur Fighter)                 Turns: 1899, Time: 00:02:12

Health: -4/48      AC:  6    Str: 22    XL:     5   Next: 2%
Magic:  4/4        EV:  9    Int:  5    God:
Gold:   99         SH:  4    Dex: 10    Spells: 4/4 levels left

rFire   . . .        a - +0 war axe
rCold   . . .        c - +0 buckler
rNeg    . . .        b - +0 scale mail
rPois   .            (helmet restricted)
rElec   .            (no cloak)
rCorr   .            (no gloves)
SInv    .            (no boots)
Will    .....        (no amulet) Stlth
                     (no ring)
HPRegen 0.28/turn    (no ring)
MPRegen 0.09/turn

%: no passive effects
@: no status effects
A: horns 2, retaliatory headbutt
a: no special abilities


You were on level 3 of the Dungeon.
You visited 1 branch of the dungeon, and saw 3 of its levels.

You collected 99 gold pieces.

Inventory:

Hand Weapons
 a - a +0 war axe (weapon)
Armour
 b - a +0 scale mail (worn)
 c - a +0 buckler (worn)
Wands
 r - a wand of flame (9)
Scrolls
 e - a scroll of silence {unknown}
 f - a scroll of immolation {unknown}
 g - a scroll of amnesia {unknown}
 l - a scroll of enchant armour {unknown}
 m - a scroll of brand weapon {unknown}
 n - a scroll of teleportation {unknown}
Potions
 d - a potion of might
 h - a potion of haste {unknown}
 i - 2 potions of enlightenment {unknown}
 j - a potion of mutation {unknown}
 k - a potion of heal wounds {unknown}
 o - 2 potions of curing {unknown}
 p - a potion of brilliance {unknown}
 q - a potion of lignification {unknown}


   Skills:
 + Level 5.5 Fighting
 + Level 4.8 Axes
 - Level 3.6 Armour
 - Level 3.6 Shields


You had 4 spell levels left.
You didn't know any spells.
Your spell library was empty.

Dungeon Overview and Level Annotations

Branches:
Dungeon (3/15)

Altars:

Annotations:
D:3 Grinder


Innate Abilities, Weirdness & Mutations

You have a pair of horns on your head.
You reflexively headbutt those who attack you in melee.


Message History

The endoplasm quivers.
An endoplasm is nearby!
You slash the endoplasm!
You kill the endoplasm!
No target in view!
No target in view!
Grinder comes into view.
Grinder shouts!
Grinder moves out of view.
Grinder blinks!
You hit Grinder but do no damage. Grinder hits you.
You writhe in agony.
You closely miss Grinder. Grinder closely misses you. You furiously retaliate!
You headbutt Grinder! Grinder hits you.
You writhe in agony.
You slash Grinder! Your headbutt misses Grinder.
Grinder is severely wounded.
Grinder gestures at you. You resist with significant effort.
You barely miss Grinder. Your headbutt misses Grinder.
Grinder is severely wounded.
Grinder hits you but does no damage.
You barely miss Grinder. Your headbutt misses Grinder.
Grinder is severely wounded.
Grinder gestures at you. Pain shoots through your body!
You barely miss Grinder.
Grinder is severely wounded.
You block Grinder's attack. Grinder hits you!
* * * LOW HITPOINT WARNING * * *
You writhe in agony.
* * * LOW HITPOINT WARNING * * *
You slash Grinder!
Grinder is almost dead.
Grinder barely misses you.
You hit Grinder. You headbutt Grinder, but do no damage.
Grinder is almost dead.
Grinder hits you!
* * * LOW HITPOINT WARNING * * *
You writhe in agony.
You die...
Grinder sighs, "Dead already?
I want a refund."

# #....>........#
###<##.###.....##
.##.##.# ##...##
.......#####.##### ~
.##.#####.)......#
~~ ##...##
#.##.###.# ~~~
......# #.##.#
#.##### ~~~P ##...##
#.##.# #.5...♣~P~P~
###.## #.##.#
#@#.#.P~~..~ ###
#.##.# #.#....~~...
#.##.###.#.........
#........##5~~~....
#...#.######~♣♣~~P~P
♣................
♣~~PP
~~♣♣....#.####..[.
♣~~♣ ~~.#.##.# ####
♣♣♣ P~~♣#.##.#


You could see Grinder.

Vanquished Creatures
  Ijyb (D:3)
  4 adders (D:2)
  5 dart slugs
  4 orcs (D:3)
  6 bats
  8 endoplasms
  4 giant cockroaches
  4 goblins (D:1)
  2 hobgoblins (D:2)
  A jackal (D:2)
  8 kobolds
  2 quokkas (D:1)
  5 ball pythons
  4 frilled lizards
  5 rats
63 creatures vanquished.

Vanquished Creatures (others)
  A gnoll (D:3)
1 creature vanquished.

Grand Total: 64 creatures vanquished

Notes
Turn   | Place    | Note
-------+----------+-------------------------------------------
     0 | D:1      | Zeia the Minotaur Fighter began the quest for the Orb.
     0 | D:1      | Reached XP level 1. HP: 19/19 MP: 0/0
    39 | D:1      | Reached skill level 4 in Fighting
    39 | D:1      | Reached XP level 2. HP: 27/27 MP: 1/1
   371 | D:1      | Reached XP level 3. HP: 33/34 MP: 2/2
   879 | D:2      | Reached XP level 4. HP: 31/41 MP: 3/3
  1244 | D:2      | Reached skill level 5 in Fighting
  1838 | D:3      | Noticed Ijyb
  1841 | D:3      | Killed Ijyb
  1842 | D:3      | Reached XP level 5. HP: 44/48 MP: 4/4
  1884 | D:3      | Noticed Grinder
  1899 | D:3      | HP: 1/48 [Grinder (9)]
  1899 | D:3      | Slain by Grinder

Illustrated notes

Levels and vault maps discovered:
D:1:      minmay_arrival_solitary_statue, layout_rooms, serial_co_window_serial,
          co_window_of_opportunity_a, co_window_paths_b, co_window_corner_a,
          co_window_cross_1, co_window_of_opportunity_a, co_window_broadway_c,
          co_window_of_opportunity_c, co_window_of_opportunity_b,
          co_window_4corner_a, glass_columns_a, glass_columns_a
D:2:      minmay_razor_zed, layout_loops_ring, minmay_misc_feat_roman
D:3:      layout_loops_corners, nicolae_qazlal_scattered_showers,
          mainiacjoe_overflow_24_doors, serial_bayou, serial_bayou_ford_a,
          serial_bayou_lake_a, serial_bayou_crossing, serial_bayou_pond_c,
          uniq_grinder, uniq_crazy_yiuf_cottage, uniq_ijyb, uniq_sigmund

Skill      XL: |  1  2  3  4 |
---------------+-------------+-----
Fighting       | 4 5 |  5.5
Axes           | 3 4 |  4.8
Armour         | |  3.6
Shields        | |  3.6

Action                     |  1- 3 |  4- 6 || total
---------------------------+-------+-------++-------
  Melee: War axe           |    63 |    64 ||   127
         Headbutt          |     6 |    10 ||    16
 Armour: Scale mail        |    41 |    36 ||    77
  Dodge: Dodged            |    29 |    23 ||    52
  Block: Buckler           |    19 |    11 ||    30
